Tomato, chaotic male elven Priest --------- ---------- |.......< |....`..{| [() ........ ##........%| $ $ .|..... # |........| [ ` ` .... $ # --------.- Z#* ## ### ----------- ` ` ` S@ # # # |.........| ##` #### ### |.........| # %# # ##..........| ### #*# --.-- # ----------- # # # |...| ### $ ###### # # ....| # --....----[# |....###### |..........# |...| |.......`.+## ....| $ $ |.........| |{.(| * ..........| ----- ----------- $ Tomato the Adept Experience level: 7 Strength: 14 Dexterity: 12 Constitution: 14 Intelligence: 9 Wisdom: 20 Charisma: 8 Health: 0(50) Energy: 70(75) Def: 5 Gold: 78 Moves: 5652 Dungeon seed: 5w5EBoZEt2NoKGfv Game ID: Tomato_1615141174 Your Inventory: Coins $ - 78 gold pieces Weapons a - a blessed greased +2 mace (weapon in hand) D - 12 blessed +0 arrows (in quiver) E - a +0 bow (alternate weapon; not wielded) G - 18 +0 arrows Armor e - a blessed greased +0 robe (being worn) n - a burnt +0 small shield (being worn) r - a +0 orcish helm (being worn) Y - a +0 pair of iron shoes (being worn) Potions X - a cursed potion of invisibility Rings L - a ring of see invisible Wands M - a wand of striking (0:0) R - a wand of locking (0:5) T - a cursed wand of nothing (0:5) U - a cursed wand of light (0:12) Tools s - a credit card t - a towel x - a blindfold B - a blessed oil lamp (0:1431) V - a sack Contents of the sack: 950 gold pieces a cursed amulet versus poison 5 cursed poisoned -1 orcish arrows 2 cloves of garlic a fortune cookie a sprig of wolfsbane a cursed scroll of blank paper a spellbook of extra healing a spellbook of fireball a spellbook of haste self a spellbook of healing a spellbook of light a blessed spellbook of remove curse 5 potions of holy water a blessed potion of oil a potion of water a wand of light (0:10) a blindfold a can of grease (0:17) a magic lamp an oil lamp (0:1136) a +0 pick-axe a cursed skeleton key 4 tallow candles (0:200) a tin opener a cursed tinning kit (0:95) an obsidian stone an opal a worthless piece of black glass a cursed worthless piece of black glass a worthless piece of blue glass 2 worthless pieces of red glass 4 worthless pieces of white glass a worthless piece of yellow glass a worthless piece of yellowish brown glass Spells and supernatural/magical abilities: Name Level Category Fail Memory e - charm monster 3 enchantment 63% 85% f - fireball 4 attack 89% 90% h - healing 1 healing 0% 72% l - light 1 divination 0% 99% r - remove curse 3 clerical 0% 85% x - extra healing 3 healing 57% 85% H - haste self 3 escape 63% 85% S - stone to flesh 3 healing 63% 72% W - pray for help -- divine ? -- X - turn undead -- divine ? -- Your skills at the end: Fighting Skills Weapon Skills mace [Basic] Spellcasting Skills clerical spells [Basic] Final Attributes: You were piously aligned. You were sleep resistant. You had infravision. You are dead. Vanquished creatures: a ghost 3 small mimics a wood nymph a mountain nymph 2 Uruk-hai 2 rock piercers a pony a yellow light 2 violet fungi 5 gnome lords 3 gnomish wizards 2 ghouls a straw golem 2 giant ants 2 kittens 6 dwarves a homunculus 4 hill orcs a rothe 5 dwarf zombies a wererat 3 acid blobs a coyote a gas spore 2 hobbits 3 manes a large kobold a hobgoblin 2 giant rats 4 cave spiders a yellow mold a red mold 10 gnomes 2 garter snakes 7 geckos 6 jackals 2 kobolds 2 goblins 2 sewer rats 11 grid bugs a bat 3 lichens 14 newts 127 creatures vanquished. Voluntary challenges: You used a wielded weapon 152 times, starting on turn 1. You read items or engraved 52 times, starting on turn 235. You never genocided any monsters. You never polymorphed an object. You never changed form. You used no wishes. You never split a pudding. You never wrote Elbereth's name. You violated your moral code, losing 1 point of alignment, starting on turn 942. Dungeon overview: The Dungeons of Doom: levels 1 to 8 Level 1 a fountain a long staircase Level 2 an altar to Susanowo, a sink Level 3 some fountains stairs to The Gnomish Mines Level 4 some fountains Level 5 a fountain Level 6 Level 8 <- You were here some fountains The Gnomish Mines: levels 4 to 6 Level 4 stairs to The Dungeons of Doom Level 5 Level 6 many shops, a temple to Raijin, some fountains History has recorded: On T:1 you entered the Dungeons of Doom to retrieve the Amulet of Yendor! On T:366 you reached level 2 of The Dungeons of Doom. On T:762 you reached level 3 of The Dungeons of Doom. On T:809 you advanced to experience level 2. On T:1283 you reached level 4 of The Dungeons of Doom. On T:1470 you advanced to experience level 3. On T:1803 you reached level 1 of The Gnomish Mines. On T:1829 you advanced to experience level 4. On T:1874 you reached level 3 of The Gnomish Mines. On T:2044 you reached level 2 of The Gnomish Mines. On T:2225 you advanced to experience level 5. On T:2700 you advanced to experience level 6. On T:4833 you reached level 5 of The Dungeons of Doom. On T:5201 you reached level 6 of The Dungeons of Doom. On T:5325 you reached level 8 of The Dungeons of Doom. On T:5415 you advanced to experience level 7. Score breakdown: Gold: 1028 (10247 points) Experience: 7 levels (13645 points) Exploration: 8 levels ( 17.02%) (11702 points) Discoveries: 23 items ( 8.04%) ( 8507 points) Valuables value: (no points given unless you survive) Artifact value: 0 ( 0 points) Variety of kills: 43 monsters ( 11.29%) (10078 points) Turncount: 5652 turns (-1535 points) Survival: died (score multiplied by 80%) Total score: 42115 Latest messages: You destroy the manes! (3x) There is a doorway here. There are a few objects here. You have a little trouble lifting $ - 78 gold pieces. You see here a statue of a leprechaun. You attack thin air. The snake bites! (3x) You feel better. You feel more confident in your spell casting skills. The snake bites! You miss the snake. The snake bites! You miss the snake. The snake bites! (3x) You hit the snake! The snake bites! You miss the snake. The snake just misses! You miss the snake. The snake bites! The gnome zombie misses. The snake bites! (2x) You die... Final status: Goodbye Tomato the Priest, killed by a snake... You died in The Dungeons of Doom on dungeon level 8 with 42115 points, and 1028 pieces of gold, after 5652 moves. You were level 7 with a maximum of 50 hit points when you died.